 Dungeon Crawl Stone Soup version 0.19.0-22-gd96e5fe (webtiles) character file.

52 equalderp2856 the Scratcher (level 3, -2/17 HPs)
             Began as a Felid Fighter on Nov 19, 2016.
             Slain by a hound (6 damage)
             ... on level 2 of the Dungeon.
             The game lasted 00:06:49 (2662 turns).

equalderp2856 the Scratcher (Felid Fighter)         Turns: 2662, Time: 00:06:50

Health: -2/17      AC:  1    Str: 13    XL:     3   Next: 60%
Magic:  4/4        EV: 20    Int:  9    God:
Gold:   97         SH:  0    Dex: 15    Spells: 0 memorised, 2 levels left
                                        Lives:  0   Deaths: 1

rFire  . . .     SeeInvis +       - Unarmed
rCold  . . .     Gourm    .     (armour unavailable)
rNeg   . . .     Faith    .     (shield unavailable)
rPois  .         Spirit   .     (helmet unavailable)
rElec  .         Reflect  .     (cloak unavailable)
rCorr  .         Harm     .     (gloves unavailable)
MR     .....                    (boots unavailable)
Stlth  ++........               (no amulet)
                                (no ring)
                                (no ring)

@: quick
A: no armour, no weapons or thrown items, stealth, claws 1, fangs 3, see
invisible, carnivore 3, speed 1, shaggy fur 1, slow metabolism 1, sharp paws
a: no special abilities


You were on level 2 of the Dungeon.
You were not hungry.

You visited 1 branch of the dungeon, and saw 3 of its levels.

You collected 97 gold pieces.

Inventory:

Missiles
 p - 20 bolts
 s - 13 poisoned needles
Scrolls
 c - a scroll of amnesia {unknown}
 g - a scroll of magic mapping {unknown}
 i - a scroll of fear {unknown}
 l - a scroll of remove curse {unknown}
 n - a scroll of identify {unknown}
 o - a scroll of blinking {unknown}
 q - a scroll of enchant weapon {unknown}
 r - a scroll of enchant armour {unknown}
Potions
 a - a potion of might
 d - a potion of cure mutation {unknown}
 e - a potion of heal wounds {unknown}
 f - 2 potions of curing
 j - a potion of agility {unknown}
 k - a potion of ambrosia {unknown}
 m - a potion of lignification {unknown}
Comestibles
 b - a meat ration
 h - a beef jerky


   Skills:
 + Level 3.3 Fighting
 + Level 4.9 Dodging
 + Level 1.1 Stealth
 + Level 5.3 Unarmed Combat


You had 2 spell levels left.
You didn't know any spells.

Dungeon Overview and Level Annotations

Branches:
Dungeon (3/15)

Altars:
Elyvilon
Vehumet


Innate Abilities, Weirdness & Mutations

You cannot wear armour.
You are incapable of wielding weapons or throwing items.
Your paws allow you to move quietly. (Stealth)
You have sharp claws.
You have razor-sharp teeth.
You have supernaturally acute eyesight. (SInv)
You are carnivorous and can eat meat at any time.
You cover ground quickly.
You are covered in fur. (AC +1)
You have a slow metabolism.
Your sharp claws are effective at attacking unaware monsters.


Message History

You claw the bat!
You kill the bat!
A kobold comes into view.
Found a scroll labeled KOICESH TEEQAU.
The hound barely misses you.
You scratch the hound but do no damage. The hound bites you.
You closely miss the hound. The hound bites you. The hound misses you.
You barely miss the hound. The hound completely misses you.
You barely miss the hound. You bite the hound, but do no damage.
The hound bites you.
* * * LOW HITPOINT WARNING * * *
The hound barely misses you.
Found 9 gold pieces.
The hound completely misses you.
There is a stone staircase leading up here.
The hound misses you.
You climb upwards.
There is a stone staircase leading down here.
The hound bites you.
You die...

#.####.....#######
#.##..............
#.##.......#######
#.##..<....##
#.##.#......# #
#.##.#......######
#>...+............
#h##.#......######
#@##.#.####.# #
#.##.#.# #.# #
#.##.#.# #.# #
#.##.#.# #.# #
#.##.#.####>######
##.................
#.......####.######
#...(..(+.....รท....
#.......##.########


You could see a hound.

Vanquished Creatures
  4 adders (D:2)
  A worm (D:2)
  5 dart slugs
  A leopard gecko (D:2)
  11 bats
  4 giant cockroaches
  8 goblins
  2 hobgoblins (D:1)
  4 jackals (D:2)
  A quokka (D:2)
  2 frilled lizards
  7 kobolds
  7 rats
57 creatures vanquished.

Notes
Turn   | Place    | Note
-------+----------+-------------------------------------------
     0 | D:1      | equalderp2856 the Felid Fighter began the quest for the Orb.
     0 | D:1      | Reached XP level 1. HP: 10/10 MP: 2/2
   115 | D:1      | Reached XP level 2. HP: 13/14 MP: 3/3
   482 | D:1      | Reached XP level 3. HP: 17/17 MP: 4/4
   702 | D:2      | Found a radiant altar of Vehumet.
   962 | D:2      | Found a white marble altar of Elyvilon.
  1167 | D:2      | Reached skill level 5 in Unarmed Combat
  1172 | D:2      | Reached XP level 4. HP: 8/21 MP: 5/5
  2023 | D:2      | Reached skill level 1 in Stealth
  2607 | D:3      | Killed from afar by an orc priest
  2608 | D:3      | Reached XP level 3. HP: -1/17 MP: 4/4
  2662 | D:2      | Slain by a hound

Skill      XL: |  1  2  3  4 |
---------------+-------------+-----
Unarmed Combat | 5 |  5.3
Stealth        | 1 |  1.1
Fighting       | |  3.3
Dodging        | |  4.9

Action                   |  1- 3 |  4- 6 || total
-------------------------+-------+-------++-------
Melee: Unarmed           |    84 |    64 ||   148
       Punch             |     3 |     2 ||     5
       Bite              |     2 |    11 ||    13
  Use: Potion            |       |     2 ||     2
 Stab: Distracted        |     1 |       ||     1
       Sleeping          |     1 |     2 ||     3
  Eat: Chunk             |     1 |     9 ||    10
Armor: Skin              |     9 |     2 ||    11
Dodge: Dodged            |    92 |    55 ||   147
